 Dungeon Crawl Stone Soup version 0.24.0-7-gb3623d2c88 (console) character file.

Game seed: 268058094141658146, levelgen mode: deterministic

623 AlterAsc the Chiller (level 7, 0/36 HPs)
             Began as a Deep Elf Ice Elementalist on Nov 2, 2019.
             Was a Believer of Kikubaaqudgha.
             Slain by an orc
             ... wielding a +0 trident
              (9 damage)
             ... on level 4 of the Dungeon.
             The game lasted 00:18:12 (4635 turns).

AlterAsc the Chiller (Deep Elf Ice Elementalist)    Turns: 4635, Time: 00:18:13

Health: 0/36       AC:  4    Str:  5    XL:     7   Next: 22%
Magic:  1/17       EV: 13    Int: 22    God:    Kikubaaqudgha [**....]
Gold:   158        SH:  0    Dex: 15    Spells: 9/17 levels left

rFire    . . .     SeeInvis .   w - +1 dagger (holy)
rCold    . . .     Gourm    .   (no shield)
rNeg     . . .     Faith    .   a - +0 robe
rPois    .         Spirit   .   (no helmet)
rElec    .         Reflect  .   f - +0 cloak
rCorr    .         Harm     .   p - +0 pair of gloves (curse)
MR       .....                  (no boots)
Stlth    ++........             (no amulet)
HPRegen  0.12/turn              d - ring of stealth
MPRegen  0.15/turn              (no ring)

@: confused, very slightly contaminated
A: no striking features
a: Receive Corpses, Renounce Religion


You were on level 4 of the Dungeon.
You worshipped Kikubaaqudgha.
Kikubaaqudgha was pleased with you.
You were not hungry.

You visited 1 branch of the dungeon, and saw 4 of its levels.

You collected 158 gold pieces.

Inventory:

Hand Weapons
 b - a +2 short sword of draining
 r - a +0 short sword
 w - a +1 dagger of holy wrath (weapon)
Missiles
 y - 10 boomerangs of dispersal (quivered)
Armour
 a - a +0 robe (worn)
 f - a +0 cloak (worn)
 p - a cursed +0 pair of gloves (worn)
 x - a scarf of repulsion
Jewellery
 d - a ring of stealth (left hand)
 j - an uncursed ring of flight
 A - an uncursed ring of protection from fire
Wands
 z - a wand of polymorph (8)
Scrolls
 l - 2 scrolls of enchant weapon
 m - a scroll of fog {unknown}
 n - 2 scrolls of enchant armour
 o - 2 scrolls of teleportation {unknown}
 q - a scroll of random uselessness {unknown}
 t - a scroll of blinking {unknown}
Potions
 e - 2 potions of flight {unknown}
 g - 4 potions of heal wounds {unknown}
 h - a potion of cancellation {unknown}
 i - a potion of haste {unknown}
 k - a potion of agility {unknown}
 s - a potion of ambrosia {unknown}
 u - a potion of invisibility {unknown}
 B - a potion of degeneration {unknown}
Comestibles
 c - 5 rations
 v - 4 chunks of flesh


   Skills:
 - Level 2.4 Dodging
 - Level 2.4 Stealth
 + Level 5.5 Spellcasting
 * Level 4.0 Conjurations
 * Level 3.7 Necromancy
 * Level 6.2 Ice Magic


You had 9 spell levels left.
You knew the following spells:

 Your Spells              Type           Power        Failure   Level  Hunger
a - Freeze                Ice            ####         1%          1    None
b - Throw Icicle          Conj/Ice       ####....     12%         4    ####...
c - Vampiric Draining     Necr           ###.......   6%          3    ##.....

Your spell library contained the following spells:

 Spells                   Type           Power        Failure   Level  Hunger
 Pain                     Necr           ###.         1%          1    None
 Throw Frost              Conj/Ice       ####..       1%          2    None
 Corpse Rot               Necr           N/A          3%          2    None
 Sublimation of Blood     Necr           ###.......   3%          2    None
 Ozocubu's Armour         Chrm/Ice       ###.....     8%          3    ##.....
 Summon Ice Beast         Ice/Summ       ###.....     26%         4    ####...


Dungeon Overview and Level Annotations

Branches:
Dungeon (4/15)
 Temple: D:4-7

Altars:
Dithmenos
Kikubaaqudgha
Okawaru
Trog
Wu Jian

Shops:
D:4 *


Message History

The orc shouts!
Casting: Freeze (safe; 1% risk of failure)
Confirm with . or Enter, or press ? or * to list all spells.
Aiming: Freeze (safe; 1% risk of failure)
Press: ? - help, Shift-Dir - straight line, f - orc
Aim: an orc, wielding a +0 hand axe You freeze the orc.
The orc is lightly wounded.
The orc wizard gestures wildly while chanting.
The orc wizard flickers and vanishes!
Deactivating autopickup; reactivate with Ctrl-A.
The orc hits you with a +0 hand axe.
* * * LOW HITPOINT WARNING * * *
You hear some strange, mumbled words.
You are confused.
The orc closely misses you.
You bump into the rock wall.
The orc hits you from afar with a +0 trident!
You die...
Kikubaaqudgha rasps: "You have failed me!
Welcome... death!"

#........#'#....#
#......#.'_'.##.#
###......###'####.#
[........###....#.#
##........#####.#.#
.#...........#..#.#
.#......#..#.#..#.#
.#......รท)(#.#.##.#
.#.......#.).#{o@.#
.#.#.....#.#o.o####
.#....##.#.#J#.#
.#.#.....#.#.#o# ##
## ####o#'#'##
#...c.....#
######.........#
#....'.........#
#.####.........#


You could see an ooze (wandering) and 3 orcs.

Vanquished Creatures
  2 centaurs
  4 orc priests
  2 orc wizards (D:4)
  An iguana (D:4)
  2 worker ants (D:4)
  11 adders
  2 oozes
  4 worms
  2 dart slugs
  17 orcs
  A ball python (D:3)
  4 giant cockroaches
  5 goblins
  4 hobgoblins
  6 jackals (D:3)
  A quokka (D:3)
  7 bats
  3 frilled lizards
  8 kobolds
  5 rats
91 creatures vanquished.

Notes
Turn   | Place    | Note
-------+----------+-------------------------------------------
     0 | D:1      | AlterAsc the Deep Elf Ice Elementalist began the quest for
                  | the Orb.
     0 | D:1      | Reached XP level 1. HP: 10/10 MP: 6/6
   454 | D:1      | Reached XP level 2. HP: 5/15 MP: 2/8
   672 | D:1      | You fall into a shaft and drop 1 floor!
   702 | D:2      | Found an ancient bone altar of Kikubaaqudgha.
  1083 | D:2      | Reached skill level 4 in Ice Magic
  1083 | D:2      | Reached XP level 3. HP: 17/19 MP: 5/10
  1113 | D:2      | Found a bloodstained altar of Trog.
  1130 | D:2      | Became a worshipper of Kikubaaqudgha
  1205 | D:2      | Found a shadowy altar of Dithmenos.
  1325 | D:2      | Reached XP level 4. HP: 11/24 MP: 6/12
  1487 | D:2      | Learned a level 4 spell: Throw Icicle
  2637 | D:2      | Reached skill level 5 in Spellcasting
  2690 | D:3      | Reached XP level 5. HP: 14/28 MP: 8/14
  2699 | D:3      | Reached * piety under Kikubaaqudgha
  2699 | D:3      | Identified Kikubaaqudgha's Handbook of Evil Rituals
                  | (Kikubaaqudgha gifted it to you on level 3 of the Dungeon)
  2699 | D:3      | Received a gift from Kikubaaqudgha
  2705 | D:2      | Reached skill level 5 in Ice Magic
  2948 | D:3      | Learned a level 3 spell: Vampiric Draining
  2965 | D:3      | Reached skill level 1 in Necromancy
  3081 | D:3      | Found an iron altar of Okawaru.
  3620 | D:3      | Reached XP level 6. HP: 32/32 MP: 2/15
  4174 | D:4      | Found Omaca's Assorted Antiques.
  4442 | D:4      | Found an ornate altar of the Wu Jian Council.
  4498 | D:4      | Reached skill level 6 in Ice Magic
  4498 | D:4      | Reached XP level 7. HP: 25/36 MP: 2/17
  4624 | D:4      | Reached ** piety under Kikubaaqudgha
  4635 | D:4      | Slain by an orc

Levels and vault maps discovered:
D:1:      matt_arrival_diagonals, layout_basic, hex_tiny
D:2:      layout_basic, chequers_temple_overflow_statue_of_worship,
          grunt_dithmenos_smoke
D:3:      layout_basic, okawaru_metal_pillars_1_2, chequers_serial_rivers_room_b
D:4:      layout_basic, kennysheep_mini, kennysheep_mini_moat, serial_shops,
          shop

Skill      XL: |  1  2  3  4  5  6  7 |
---------------+----------------------+-----
Spellcasting   | 4 5 |  5.5
Ice Magic      | 4 5 6 |  6.2
Conjurations   | 2 3 4 |  4.0
Necromancy     | 2 3 |  3.7
Dodging        | |  2.4
Stealth        | |  2.4

Action                   |  1- 3 |  4- 6 |  7- 9 || total
-------------------------+-------+-------+-------++-------
Melee: Unarmed           |     1 |     1 |       ||     2
 Cast: Freeze            |    42 |   106 |    12 ||   160
       Throw Icicle      |       |    12 |     1 ||    13
       Vampiric Draining |       |     5 |       ||     5
  Use: Scroll            |       |     3 |       ||     3
  Eat: Chunk             |     1 |    12 |     1 ||    14
Armor: Robe              |     7 |    14 |     2 ||    23
Dodge: Dodged            |    21 |    38 |     5 ||    64
